 Dungeon Crawl Stone Soup version 0.26-a0-682-g294304f6e8 (webtiles) character file.

Game seed: 3355353454174283279

144 Asdor the Poker (level 5, -6/38 HPs)
             Began as a Demonspawn Gladiator on Oct 21, 2020.
             Mangled by an orc
             ... wielding a +0 mace
              (7 damage)
             ... on level 3 of the Dungeon.
             The game lasted 00:02:43 (2889 turns).

Asdor the Poker (Demonspawn Gladiator)              Turns: 2889, Time: 00:02:43

Health: -6/38      AC:  4    Str: 16    XL:     5   Next: 5%
Magic:  5/5        EV: 13    Int:  9    God:
Gold:   53         SH:  0    Dex: 14    Spells: 4/4 levels left

rFire    . . .     SeeInvis +   a - +0 trident
rCold    . . .     Faith    .   (no shield)
rNeg     . . .     Spirit   .   b - +0 leather armour
rPois    .         Reflect  .   l - +1 hat
rElec    .         Harm     .   (no cloak)
rCorr    .         Rampage  .   (no gloves)
MR       .....                  (no boots)
Stlth    +.........             (no amulet)
HPRegen  0.12/turn              i - ring of see invisible
MPRegen  0.09/turn              (no ring)

@: no status effects
A: antennae 1, rot immunity, sturdy frame 1
a: no special abilities


You were on level 3 of the Dungeon.
You visited 1 branch of the dungeon, and saw 3 of its levels.

You collected 53 gold pieces.

Inventory:

Hand Weapons
 a - a +0 trident (weapon)
Missiles
 d - 3 throwing nets (quivered)
Armour
 b - a +0 leather armour (worn)
 c - a +0 helmet
 l - a +1 hat (worn)
Jewellery
 i - a ring of see invisible (left hand)
Wands
 m - a wand of polymorph (9)
Scrolls
 e - a scroll of enchant weapon {unknown}
 g - a scroll of teleportation {unknown}
 h - a scroll of fear {unknown}
 j - a scroll of noise {unknown}
 k - 2 scrolls of identify {unknown}
 n - a scroll of fog {unknown}
Potions
 f - 3 potions of degeneration {unknown}
 o - 2 potions of haste {unknown}


   Skills:
 - Level 2.0 Fighting
 + Level 4.1 Polearms
 + Level 3.6 Throwing
 - Level 2.6 Dodging


You had 4 spell levels left.
You didn't know any spells.
Your spell library was empty.

Dungeon Overview and Level Annotations

Branches:
Dungeon (3/15)

Altars:
Nemelex Xobeh
Wu Jian


Innate Abilities, Weirdness & Mutations

You have a pair of small antennae on your head.
You are immune to rotting.
Your movements are slightly less encumbered by armour. (ER -2)


Message History

You barely miss the orc.
The orc is severely wounded.
The orc barely misses you.
You barely miss the orc.
The orc is severely wounded.
The orc hits you but does no damage.
You hit the orc.
The orc is severely wounded.
The orc hits you with a +0 mace.
* * * LOW HITPOINT WARNING * * *
You hit the orc but do no damage.
The orc is severely wounded.
The orc closely misses you.
You hit the orc but do no damage.
The orc is severely wounded.
The orc closely misses you.
You barely miss the orc.
The orc is severely wounded.
The orc hits you with a +0 mace!
You die...

##......#....##...P♣.......#
+#
#.......#....###.PP♣P......#
... #[......#....#
#...PP♣♣....##
...?#.......#....#
###.PPP♣♣P....
............######
##....♣..... ....##..#######
###P..P.... ... #...[.....#
##P...... .
#.........################...
#.........'o@......... +.).
#.........############ #...
#............... #...
########'#...... ###.
......... #. .......... ##
........... # ####.#...... #
#.^...... #######


You could see an orc.

Vanquished Creatures
  Crazy Yiuf (D:2)
  4 adders
  An ooze (D:1)
  A worm (D:3)
  3 leopard geckos (D:1)
  4 orcs (D:3)
  11 bats
  3 giant cockroaches
  6 goblins
  12 hobgoblins
  5 kobolds
  7 frilled lizards
  6 rats
64 creatures vanquished.

Vanquished Creatures (others)
  A fungus (D:2)
  A plant (D:3)
2 creatures vanquished.

Grand Total: 66 creatures vanquished

Notes
Turn   | Place    | Note
-------+----------+-------------------------------------------
     0 | D:1      | Asdor the Demonspawn Gladiator began the quest for the Orb.
     0 | D:1      | Reached XP level 1. HP: 16/16 MP: 1/1
   144 | D:1      | Reached skill level 3 in Polearms
   152 | D:1      | Gained mutation: Your movements are slightly less
                  | encumbered by armour. (ER -2) [demonic ancestry]
   152 | D:1      | Reached XP level 2. HP: 5/22 MP: 2/2
   855 | D:1      | Reached XP level 3. HP: 27/27 MP: 3/3
  1359 | D:2      | Found a sparkling altar of Nemelex Xobeh.
  1679 | D:2      | Found an ornate altar of the Wu Jian Council.
  1861 | D:2      | Found a runed translucent door.
  1862 | D:2      | Noticed Crazy Yiuf
  1924 | D:2      | Gained mutation: You are immune to rotting. [demonic
                  | ancestry]
  1924 | D:2      | Reached XP level 4. HP: 33/33 MP: 4/4
  2455 | D:2      | Killed Crazy Yiuf
  2455 | D:2      | Reached skill level 4 in Polearms
  2864 | D:3      | Gained mutation: You have a pair of small antennae on your
                  | head. [demonic ancestry]
  2864 | D:3      | Reached XP level 5. HP: 38/38 MP: 5/5
  2886 | D:3      | HP: 1/38 [orc/+0 mace (6)]
  2889 | D:3      | Mangled by an orc

Illustrated notes

Levels and vault maps discovered:
D:1:      giann_bridges, layout_basic, minmay_statues_item, chequers_avenue
D:2:      layout_rooms, nemelex_altar_shiori, old_standard_altar,
          uniq_crazy_yiuf_cottage
D:3:      layout_basic, serial_forest, infiniplex_forest_lined_corner,
          infiniplex_forest_straight_3, infiniplex_forest_clump_tiny,
          infiniplex_forest_lined_3_way, infiniplex_forest_clump_diagonal,
          infiniplex_forest_end_1

Skill      XL: |  1  2  3  4 |
---------------+-------------+-----
Throwing       | 2 3 |  3.6
Polearms       | 3 4 |  4.1
Fighting       | |  2.0
Dodging        | |  2.6

Action                   |  1- 3 |  4- 6 || total
-------------------------+-------+-------++-------
Melee: Trident           |   104 |   107 ||   211
       Unarmed           |       |     3 ||     3
 Stab: Sleeping          |     3 |       ||     3
       Invisible         |       |     4 ||     4
Armor: Leather armour    |    18 |    23 ||    41
Dodge: Dodged            |    64 |    73 ||   137

Table legend: (Time is in decaauts)
 A = Elapsed time spent in this place.
 B = Non-inter-level travel time spent in this place.
 C = Inter-level travel time spent in this place.
 D = Time resting spent in this place.
 E = Time spent auto-exploring this place.
 F = Levels seen in this place.
 G = Mean time per level.
                   A        B        C        D        E       F      G
               +--------+--------+--------+--------+--------+-----+--------+
         Total |   2912 |   2733 |    179 |    394 |   1925 |   3 |  970.7 |
       Dungeon |   2912 |   2733 |    179 |    394 |   1925 |   3 |  970.7 |
               +--------+--------+--------+--------+--------+-----+--------+

Top non-repeatable levels by time:
     D:1: 1357 daAuts
     D:2: 1279 daAuts
     D:3: 275 daAuts
